 Dungeon Crawl Stone Soup version 0.30.1-11-g7821555f0a (webtiles) character file.

Game seed: 5425682901699323910

46 Skitler the Chopper (level 3, -1/33 HPs)
             Began as a Hill Orc Monk on Jan 3, 2024.
             Succumbed to their own poison gas
             ... on level 2 of the Dungeon.
             The game lasted 00:03:44 (1223 turns).

Skitler the Chopper (Hill Orc Monk)                 Turns: 1223, Time: 00:03:45

Health: -1/33      AC:  3    Str: 15    XL:     3   Next: 66%
Magic:  3/3        EV: 12    Int: 10    God:
Gold:   55         SH:  0    Dex: 13    Spells: 2/2 levels left

rFire   . . .        a - +1 hand axe
rCold   . . .        d - orb {light}
rNeg    . . .        b - +0 robe
rPois   .            (no helmet)
rElec   .            (no cloak)
rCorr   .            l - +0 pair of gloves
SInv    .            (no boots)
Will    .....        (no amulet)
Stlth   +            (no ring)
HPRegen 0.25/turn    (no ring)
MPRegen 0.08/turn

%: no passive effects
@: lethally poisoned (-1 -> -43), glowing
A: no striking features
a: no special abilities


You were on level 2 of the Dungeon.
You visited 1 branch of the dungeon, and saw 2 of its levels.

You collected 115 gold pieces.
You spent 60 gold pieces at shops.

Inventory:

Hand Weapons
 a - a +1 hand axe (weapon)
 k - a +2 heavy mace
Armour
 b - a +0 robe (worn)
 d - an orb of light (worn)
 l - a +0 pair of gloves (worn)
Magical Staves
 o - a staff of air
Scrolls
 e - a scroll of enchant weapon
 i - a scroll of teleportation
 j - 3 scrolls of identify
Potions
 c - a potion of ambrosia
 f - 2 potions of curing
 g - a potion of haste {unknown}
 m - a potion of cancellation {unknown}
 n - a potion of brilliance {unknown}


   Skills:
 + Level 4.1 Fighting
 + Level 5.2 Axes
 + Level 2.7 Dodging


You had 2 spell levels left.
You didn't know any spells.
Your spell library contained the following spells:

 Spells                   Type           Power      Damage    Failure   Level
 Apportation              Tloc           0%         N/A       36%         1
 Lesser Beckoning         Tloc           0%         N/A       50%         2
 Gell's Gravitas          Tloc           0%         N/A       75%         3
 Teleport Other           Tloc           0%         N/A       75%         3
 Alistair's Intoxication  Tmut/Pois      0%         N/A       100%        5


Dungeon Overview and Level Annotations

Branches:
Dungeon (2/15)

Altars:

Shops:
D:2 ?


Message History

You now have 68 gold pieces (gained 10).
You now have 85 gold pieces (gained 17).
There is an entrance to Vuolada's Magic Scroll Emporium here.
j - 3 scrolls of identify (gained 1);
i - a scroll of teleportation Thank you for shopping at Vuolada's Magic Scroll Emporium!
You now have 42 gold pieces (gained 17).
You now have 45 gold pieces (gained 3).
There is an entrance to Vuolada's Magic Scroll Emporium here.
You now have 55 gold pieces (gained 10).
A ball python comes into view.
The ball python hisses angrily.
A ball python is nearby!
You hit the ball python.
You kill the ball python!
You see here a ball python corpse.
You see here a staff of air.
o - a staff of air You see here a ball python corpse.
There is an entrance to Vuolada's Magic Scroll Emporium here.
As you read the scroll labelled ELUELUGIUR, it crumbles to dust.
It is a scroll of enchant weapon.
Your +0 hand axe glows red for a moment.
The air fills with toxic fumes!
As you read the scroll labelled SEYTINUYPH, it crumbles to dust.
It was a scroll of poison.
Partly explored, can't reach some places.
Really walk into that cloud of poison gas? [Y]es or [N]o only, please.
Really walk into that cloud of poison gas? [Y]es or [N]o only, please.
Really walk into that cloud of poison gas?
You are engulfed in poison gas.
You are poisoned.
You feel very sick.
You are engulfed in poison gas.
You are lethally poisoned!
You feel very sick.
You are engulfed in poison gas.
You are more poisoned.
* * * LOW HITPOINT WARNING * * *
You die...

######################## ##### .#
#§§§§§§§..# #...# .# #§§§§§§§..#
#...# .# #§§§§§§§..# #...#
.#############§§§§§§§..###...####
..............§§§§§§§..+.........
##.†##########§§§§§§§..###.....##
........§§§§§§§§§§§§§..†.........
##†.......##§∩§§@§§§§..###.....##
#......>.##§§§§§§§§§..# ###...#
#........##§§§§§§§§§..# ####
#........##############
#........# #........# #........#
######## #........# #....b.# #
#........#


#bbbbbb# ## There were no monsters in sight!

Vanquished Creatures
  An adder (D:2)
  2 dart slugs
  6 bats
  2 endoplasms (D:1)
  2 giant cockroaches (D:1)
  A goblin (D:1)
  5 hobgoblins
  2 quokkas (D:1)
  4 ball pythons
  4 frilled lizards
  A kobold (D:1)
  A rat (D:2)
31 creatures vanquished.

Notes
Turn   | Place    | Note
-------+----------+-------------------------------------------
     0 | D:1      | Skitler the Hill Orc Monk began the quest for the Orb.
     0 | D:1      | Reached XP level 1. HP: 19/19 MP: 1/1
    60 | D:1      | Found a faded altar of an unknown god.
   148 | D:1      | Reached XP level 2. HP: 20/27 MP: 2/2
   917 | D:2      | Reached XP level 3. HP: 33/33 MP: 3/3
  1117 | D:2      | Found Vuolada's Magic Scroll Emporium.
  1128 | D:2      | Reached skill level 5 in Axes
  1176 | D:2      | Bought a scroll of identify for 24 gold pieces
  1176 | D:2      | Bought a scroll of teleportation for 36 gold pieces
  1223 | D:2      | Succumbed to their own poison gas

Illustrated notes

Levels and vault maps discovered:
D:1:      dpeg_arrival_tiny_a, layout_rooms,
          shapermc_ecumenical_altar_acropolis, minmay_misc_feat_four_crosses,
          minmay_misc_feat_chi, roderic_cross_of_infinity, minmay_misc_feat_iff
D:2:      layout_basic, serial_shops, shop_coins, basic_altar

Skill      XL: |  1  2  3 |
---------------+----------+-----
Fighting       | 4 |  4.1
Axes           | 5 |  5.2
Dodging        | |  2.7

Action                     || total
---------------------------++-------
  Melee: Hand axe          ||    93
    Use: Scroll            ||     5
 Armour: Robe              ||    21
  Dodge: Dodged            ||    82
